Chicago Black Hawks vs Minnesota North Stars
(R1)
Created - Tuesday, October 29, 2024 at 06:51
Goals
|
| Chicago Black Hawks |
0 |
1 |
4 |
5 |
| Minnesota North Stars |
1 |
0 |
2 |
3 |
|
Shots
|
| Chicago Black Hawks |
7 |
9 |
23 |
39 |
| Minnesota North Stars |
9 |
10 |
4 |
23 |
|
1st period
1. Minnesota North Stars , Frank Vatrano 14 (Valeri Nichushkin 31, Evgeni Malkin 27) at 6:01
Penalties :
Neal Pionk (MNS) for Interference (Minor) at 3:09, Justin Faulk (MNS) for Delaying the game (Minor) at 7:32
2nd period
2. Chicago Black Hawks , Brandon Hagel 10 (Bo Horvat 42, Filip Forsberg 29) at 4:59
Penalties :
Filip Forsberg (CHI) for Tripping (Minor) at 18:01
3rd period
3. Minnesota North Stars , Rasmus Dahlin 2 (Evgeni Malkin 28) at 5:19
4. Chicago Black Hawks , Kevin Fiala 14 (Lucas Raymond 18, Seth Jones 19) at 9:21
5. Chicago Black Hawks , Filip Forsberg 31 (Seth Jones 20) at 9:27
6. Minnesota North Stars , Valeri Nichushkin 16 (Evgeni Malkin 29) at 14:14
7. Chicago Black Hawks , Kevin Fiala 15 (Lucas Raymond 19, Jamie Benn 15) at 15:50
8. Chicago Black Hawks , Filip Forsberg 32 (Bo Horvat 43, Chris Kreider 36) at 17:13 (PP)
Penalties :
Lawson Crouse (MNS) for Tripping (Minor) at 11:49, Justin Faulk (MNS) for Roughing (Double Minor) at 16:58
Goalie Stats
Adin Hill (CHI), 20 saves from 23 shots - (0.870), W, 14-5-4, 60:00 minutes
Stuart Skinner (MNS), 34 saves from 39 shots - (0.872), L, 11-17-2, 60:00 minutes
Players Stats for Chicago Black Hawks
Player Name G A P +/- PIM S H SB GA TA FO MP PP MP PK MP
------------------------------------------------------------------------------------
Alex DeBrincat 0 0 0 -1 0 1 0 0 2 0 0/0 7:53 0:00 0:00
Bo Horvat 0 2 2 0 0 0 0 1 0 0 11/19 18:07 4:06 0:00
Brandon Hagel 1 0 1 1 0 1 2 0 1 0 0/0 19:01 4:05 0:59
Brayden Point 0 0 0 0 0 7 0 1 1 0 0/0 18:41 4:05 0:02
Cale Makar 0 0 0 0 0 2 2 0 0 0 0/0 24:36 4:10 1:00
Chris Kreider 0 1 1 -1 0 1 1 1 0 0 0/0 19:04 4:06 0:00
Devon Toews 0 0 0 -1 0 1 1 0 0 1 0/0 18:28 0:00 0:59
Filip Forsberg 2 1 3 0 2 6 3 0 2 0 0/2 18:26 4:06 0:00
Filip Hronek 0 0 0 2 0 2 1 0 0 1 0/0 16:56 4:01 0:00
Jamie Benn 0 1 1 2 0 0 1 0 0 0 8/16 14:00 0:00 0:58
Kevin Fiala 2 0 2 2 0 6 0 0 0 0 0/0 13:05 0:00 0:00
Lucas Raymond 0 2 2 2 0 5 1 0 2 1 0/0 13:08 0:00 0:02
Marcus Pettersson 0 0 0 2 0 1 0 2 0 1 0/0 13:17 0:00 0:00
Nicholas Paul 0 0 0 -1 0 1 1 1 0 0 2/4 9:08 0:00 0:59
Ryan Hartman 0 0 0 -1 0 0 0 1 0 0 1/1 8:48 0:00 0:58
Seth Jones 0 2 2 0 0 0 2 2 0 0 0/0 25:15 4:10 0:59
Sidney Crosby 0 0 0 0 0 2 5 1 0 0 12/18 18:39 4:05 0:00
Travis Sanheim 0 0 0 -1 0 3 2 2 0 0 0/0 21:28 4:01 1:00
Players Stats for Minnesota North Stars
Player Name G A P +/- PIM S H SB GA TA FO MP PP MP PK MP
------------------------------------------------------------------------------------
Brock Nelson 0 0 0 0 0 2 1 1 0 0 0/0 14:28 0:56 0:00
Dylan DeMelo 0 0 0 0 0 0 2 0 0 3 0/0 16:23 0:00 0:00
Eeli Tolvanen 0 0 0 0 0 0 0 0 0 1 0/1 8:23 0:00 0:00
Evan Rodrigues 0 0 0 0 0 0 0 0 0 0 0/0 8:23 0:00 0:00
Evgeni Malkin 0 3 3 1 0 2 3 0 0 0 9/19 15:33 0:56 0:21
Frank Vatrano 1 0 1 0 0 5 0 0 0 0 0/0 14:34 1:03 0:00
Gustav Forsling 0 0 0 -3 0 0 0 1 0 1 0/0 21:13 1:01 3:58
Jack Hughes 0 0 0 -2 0 1 1 1 0 0 5/17 14:58 1:03 0:00
Justin Faulk 0 0 0 2 6 1 0 1 0 0 0/0 20:18 0:58 2:27
Lawson Crouse 0 0 0 1 2 1 3 0 1 0 0/1 16:32 0:00 2:53
Matt Roy 0 0 0 0 0 1 2 2 0 1 0/0 19:14 0:00 2:18
Neal Pionk 0 0 0 -3 2 0 1 0 0 1 0/0 20:28 1:01 3:26
Rasmus Dahlin 1 0 1 2 0 2 1 0 0 0 0/0 22:24 0:58 4:13
Ryan Nugent-Hopkins 0 0 0 -2 0 1 2 3 1 0 1/6 17:50 0:01 3:52
Valeri Nichushkin 1 1 2 1 0 3 1 1 1 0 0/0 17:59 0:00 4:13
William Eklund 0 0 0 0 0 1 2 0 0 0 0/0 9:48 1:03 0:09
William Karlsson 0 0 0 0 0 2 3 0 1 0 11/16 17:03 0:00 3:49
Yegor Sharangovich 0 0 0 -2 0 1 0 0 0 1 0/0 16:14 0:55 1:05
3 Stars
1 - Kevin Fiala (CHI)
2 - Filip Forsberg (CHI)
3 - Evgeni Malkin (MNS)
Power Play
Chicago Black Hawks - 1 on 5 Attempt(s) - 20.00%
Minnesota North Stars - 0 on 1 Attempt(s) - 0.00%
Penalty Kill
Chicago Black Hawks - 1 on 1 Attempt(s) - 100.00%
- Score 0 goal in Penalty Kill
Minnesota North Stars - 4 on 5 Attempt(s) - 80.00%
- Score 0 goal in Penalty Kill
Team Stat
Chicago Black Hawks - Hits : 22 - Faceoff Wins : 34 - Blocked Shots : 12 - Penalty Minutes : 2
Minnesota North Stars - Hits : 22 - Faceoff Wins : 26 - Blocked Shots : 10 - Penalty Minutes : 10
Official
Referees : Peter Macdougall and Francis Charron
Linesman : Travis Toomey and Libor Suchanek
Game Notes
No Game Note
Finance
Level 1 -- Attendance: 5087 (84.78%) -- Ticket Income $508,700
Level 2 -- Attendance: 4141 (82.82%) -- Ticket Income $248,460
Level 3 -- Attendance: 2219 (73.97%) -- Ticket Income $77,665
Level 4 -- Attendance: 3917 (78.34%) -- Ticket Income $97,925
Luxury Box -- Attendance: 754 (75.40%) -- Ticket Income $150,800
Game was played at the Met Center.
Total Attendance: 16118 (80.59%)
Total Ticket Income: $1,083,550
Other Income: $379,242
Total Income: $1,462,792
Chicago Black Hawks
5 vs 5 Forward
Center Left Wing Right Wing Time % Phy DF OF
1 Sidney Crosby Chris Kreider Brayden Point 30 0 1 4
2 Bo Horvat Filip Forsberg Brandon Hagel 30 0 2 3
3 Jamie Benn Kevin Fiala Lucas Raymond 25 0 1 4
4 Nicholas Paul Alex DeBrincat Ryan Hartman 15 0 2 3
5 vs 5 Defense
Defense Defense Time % Phy DF OF
1 Cale Makar Seth Jones 36 0 3 2
2 Devon Toews Travis Sanheim 34 0 3 2
3 Marcus Pettersson Filip Hronek 20 0 4 1
4 Cale Makar Seth Jones 10 0 4 1
PowerPlay Forward
Center Left Wing Right Wing Time % Phy DF OF
1 Sidney Crosby Brandon Hagel Brayden Point 50 0 0 5
2 Bo Horvat Filip Forsberg Chris Kreider 50 0 0 5
PowerPlay Defense
Defense Defense Time % Phy DF OF
1 Cale Makar Seth Jones 50 0 1 4
2 Travis Sanheim Filip Hronek 50 0 1 4
Penalty Kill 4 Players Forward
Center Wing Time % Phy DF OF
1 Jamie Benn Ryan Hartman 50 0 5 0
2 Nicholas Paul Brandon Hagel 50 0 5 0
Penalty Kill 4 Players Defense
Defense Defense Time % Phy DF OF
1 Seth Jones Devon Toews 50 0 5 0
2 Cale Makar Travis Sanheim 50 0 5 0
Penalty Kill - 3 Players Forward
Forward Time % Phy DF OF
1 Ryan Hartman 50 0 5 0
2 Nicholas Paul 50 0 5 0
Penalty Kill - 3 Players Defense
Defense Defense Time % Phy DF OF
1 Cale Makar Seth Jones 50 0 5 0
2 Devon Toews Marcus Pettersson 50 0 5 0
4 vs 4 Forward
Center Wing Time % Phy DF OF
1 Jamie Benn Kevin Fiala 50 0 2 3
2 Nicholas Paul Alex DeBrincat 50 1 1 3
4 vs 4 Defense
Defense Defense Time % Phy DF OF
1 Devon Toews Filip Hronek 50 0 3 2
2 Marcus Pettersson Cale Makar 50 0 3 2
Last Minutes Offensive
Center Left Wing Right Wing Defense Defense
Sidney Crosby Chris Kreider Brayden Point Cale Makar Seth Jones
Last Minutes Defensive
Center Left Wing Right Wing Defense Defense
Nicholas Paul Brandon Hagel Ryan Hartman Cale Makar Seth Jones
Goaltenders
Starting : Adin Hill
Backup : Thatcher Demko
Extra Forwards
Normal : Alex DeBrincat, Lucas Raymond, Kevin Fiala - PP : Alex DeBrincat, Lucas Raymond - PK : Brandon Hagel
Extra Defensemen
Normal : Filip Hronek, Marcus Pettersson, Devon Toews - PP : Travis Sanheim - PK : Devon Toews, Filip Hronek
Penalty Shots
Lucas Raymond, Alex DeBrincat, Sidney Crosby, Brayden Point, Devon Toews
Scratches
Caleb Jones (Healthy)
Minnesota North Stars
5 vs 5 Forward
Center Left Wing Right Wing Time % Phy DF OF
1 Evgeni Malkin Valeri Nichushkin Frank Vatrano 28 1 1 3
2 William Karlsson Brock Nelson Lawson Crouse 28 1 1 3
3 Jack Hughes Ryan Nugent-Hopkins Yegor Sharangovich 28 0 1 4
4 Evan Rodrigues William Eklund Eeli Tolvanen 16 1 1 3
5 vs 5 Defense
Defense Defense Time % Phy DF OF
1 Rasmus Dahlin Justin Faulk 34 1 2 2
2 Neal Pionk Gustav Forsling 33 2 2 1
3 Dylan DeMelo Matt Roy 33 2 2 1
4 Rasmus Dahlin Justin Faulk 0 1 2 2
PowerPlay Forward
Center Left Wing Right Wing Time % Phy DF OF
1 Jack Hughes William Eklund Frank Vatrano 50 0 1 4
2 Evgeni Malkin Yegor Sharangovich Brock Nelson 50 0 1 4
PowerPlay Defense
Defense Defense Time % Phy DF OF
1 Rasmus Dahlin Justin Faulk 50 1 1 3
2 Neal Pionk Gustav Forsling 50 1 1 3
Penalty Kill 4 Players Forward
Center Wing Time % Phy DF OF
1 William Karlsson Lawson Crouse 50 1 3 1
2 Ryan Nugent-Hopkins Valeri Nichushkin 50 1 3 1
Penalty Kill 4 Players Defense
Defense Defense Time % Phy DF OF
1 Rasmus Dahlin Justin Faulk 50 2 3 0
2 Neal Pionk Gustav Forsling 50 2 3 0
Penalty Kill - 3 Players Forward
Forward Time % Phy DF OF
1 William Karlsson 50 1 3 1
2 Ryan Nugent-Hopkins 50 1 3 1
Penalty Kill - 3 Players Defense
Defense Defense Time % Phy DF OF
1 Rasmus Dahlin Justin Faulk 50 2 3 0
2 Neal Pionk Gustav Forsling 50 2 3 0
4 vs 4 Forward
Center Wing Time % Phy DF OF
1 Valeri Nichushkin Evgeni Malkin 50 1 2 2
2 William Karlsson Jack Hughes 50 1 2 2
4 vs 4 Defense
Defense Defense Time % Phy DF OF
1 Rasmus Dahlin Justin Faulk 50 1 2 2
2 Neal Pionk Gustav Forsling 50 1 2 2
Last Minutes Offensive
Center Left Wing Right Wing Defense Defense
Jack Hughes Valeri Nichushkin Frank Vatrano Rasmus Dahlin Justin Faulk
Last Minutes Defensive
Center Left Wing Right Wing Defense Defense
William Karlsson Valeri Nichushkin Frank Vatrano Gustav Forsling Neal Pionk
Goaltenders
Starting : Stuart Skinner
Backup : Charlie Lindgren
Extra Forwards
Normal : William Eklund, Ryan Nugent-Hopkins, Yegor Sharangovich - PP : William Eklund, Ryan Nugent-Hopkins - PK : Yegor Sharangovich
Extra Defensemen
Normal : Dylan DeMelo, Matt Roy, Neal Pionk - PP : Dylan DeMelo - PK : Matt Roy, Neal Pionk
Penalty Shots
Valeri Nichushkin, Evgeni Malkin, William Karlsson, Jack Hughes, Brock Nelson
Scratches
Jonas Brodin (Healthy), Viktor Arvidsson (Sports Hernia Injury), Roni Hirvonen (Healthy), Oskari Salminen (Healthy)
% Time on Ice - Chicago Black Hawks
Lines # - Real PCT - Wanted PCT - Time Play
Normal Forward
1 - 29% - 30% - 14:38
2 - 29% - 30% - 14:21
3 - 26% - 25% - 13:02
4 - 16% - 15% - 7:49
Normal Defense
1 - 35% - 36% - 17:29
2 - 35% - 34% - 17:26
3 - 25% - 20% - 12:18
4 - 5% - 10% - 2:37
PP Forward
1 - 50% - 50% - 4:05
2 - 50% - 50% - 4:06
PP Defense
1 - 51% - 50% - 4:10
2 - 49% - 50% - 4:01
PK Forward
1 - 50% - 50% - 1:00
2 - 50% - 50% - 0:59
PK Defense
1 - 50% - 50% - 0:59
2 - 50% - 50% - 1:00
PK3 Forward
1 - 0% - 50%
2 - 0% - 50%
PK3 Defense
1 - 0% - 50%
2 - 0% - 50%
44 Forward
1 - 0% - 50%
2 - 0% - 50%
44 Defense
1 - 0% - 50%
2 - 0% - 50%
Last Minute Offensive - 0:00
Last Minute Defensive - 0:00
Total
Forward - 60:00
Defense - 60:00
|
% Time on Ice - Minnesota North Stars
Lines # - Real PCT - Wanted PCT - Time Play
Normal Forward
1 - 28% - 28% - 13:58
2 - 27% - 28% - 13:34
3 - 28% - 28% - 13:55
4 - 17% - 16% - 8:23
Normal Defense
1 - 35% - 34% - 17:14
2 - 33% - 33% - 16:13
3 - 33% - 33% - 16:23
4 - 0% - 0% - 0:00
PP Forward
1 - 53% - 50% - 1:03
2 - 47% - 50% - 0:56
PP Defense
1 - 49% - 50% - 0:58
2 - 51% - 50% - 1:01
PK Forward
1 - 51% - 50% - 4:10
2 - 49% - 50% - 4:01
PK Defense
1 - 53% - 50% - 4:20
2 - 47% - 50% - 3:51
PK3 Forward
1 - 0% - 50%
2 - 0% - 50%
PK3 Defense
1 - 0% - 50%
2 - 0% - 50%
44 Forward
1 - 0% - 50%
2 - 0% - 50%
44 Defense
1 - 0% - 50%
2 - 0% - 50%
Last Minute Offensive - 0:00
Last Minute Defensive - 0:00
Total
Forward - 60:00
Defense - 60:00
|
Play-by-Play
1st period
0:01 of 1st period - Evgeni Malkin wins face-off versus Sidney Crosby in neutral zone.
0:09 of 1st period - Wrist shot by Frank Vatrano.
0:09 of 1st period - Stopped by Adin Hill without a rebound.
0:10 of 1st period - Sidney Crosby wins face-off versus Evgeni Malkin in Chicago Black Hawks zone.
0:31 of 1st period - Snap shot by Valeri Nichushkin.
0:31 of 1st period - Shot Blocked by Brayden Point.
0:41 of 1st period - Snap shot by Valeri Nichushkin.
0:41 of 1st period - Stopped by Adin Hill without a rebound.
0:42 of 1st period - Bo Horvat wins face-off versus Lawson Crouse in Chicago Black Hawks zone.
1:25 of 1st period - Icing by Dylan DeMelo.
1:26 of 1st period - Nicholas Paul wins face-off versus Eeli Tolvanen in Minnesota North Stars zone.
1:32 of 1st period - Snap shot by Marcus Pettersson.
1:32 of 1st period - Shot Blocked by Matt Roy.
2:00 of 1st period - Wrist shot by Kevin Fiala.
2:00 of 1st period - Stopped by Stuart Skinner with a rebound.
2:02 of 1st period - Slapshot by Marcus Pettersson.
2:02 of 1st period - Deflect By Lucas Raymond.
2:02 of 1st period - Stopped by Stuart Skinner with a rebound.
2:20 of 1st period - Slapshot by Jack Hughes.
2:20 of 1st period - Stopped by Adin Hill with a rebound.
2:34 of 1st period - Cale Makar is hit by Lawson Crouse and loses puck.
3:09 of 1st period - Minor Penalty to Neal Pionk for Interference.
3:10 of 1st period - William Karlsson wins face-off versus Sidney Crosby in Minnesota North Stars zone.
3:36 of 1st period - Bo Horvat is hit by William Karlsson and loses puck.
3:44 of 1st period - Off-side.
3:45 of 1st period - Sidney Crosby wins face-off versus William Karlsson in neutral zone.
3:52 of 1st period - Snap shot by Brayden Point.
3:52 of 1st period - Stopped by Stuart Skinner with a rebound.
5:09 of 1st period - Penalty to Neal Pionk is over, Neal Pionk is back on ice.
5:20 of 1st period - Icing by Seth Jones.
5:21 of 1st period - Jamie Benn wins face-off versus Ryan Nugent-Hopkins in Chicago Black Hawks zone.
5:21 of 1st period - Jamie Benn is hit by Ryan Nugent-Hopkins.
5:33 of 1st period - Wrist shot by Kevin Fiala.
5:33 of 1st period - Shot Misses the Net.
5:45 of 1st period - Cale Makar is hit by Neal Pionk and loses puck.
5:53 of 1st period - Icing by Seth Jones.
5:54 of 1st period - Evgeni Malkin wins face-off versus Nicholas Paul in Chicago Black Hawks zone.
5:55 of 1st period - Snap shot by Valeri Nichushkin.
5:55 of 1st period - Shot Misses the Net.
6:01 of 1st period - Wrist shot by Frank Vatrano.
6:01 of 1st period - Goal by Frank Vatrano - Chicago Black Hawks : 0 - Minnesota North Stars : 1.
6:02 of 1st period - Bo Horvat wins face-off versus Jack Hughes in neutral zone.
6:05 of 1st period - Yegor Sharangovich is hit by Brandon Hagel and loses puck.
6:16 of 1st period - Justin Faulk is hit by Travis Sanheim and loses puck.
6:29 of 1st period - Sidney Crosby is hit by Lawson Crouse and loses puck.
7:17 of 1st period - Wrist shot by Jack Hughes.
7:17 of 1st period - Shot Misses the Net.
7:29 of 1st period - Snap shot by Filip Forsberg.
7:29 of 1st period - Deflect By William Eklund.
7:29 of 1st period - Stopped by Stuart Skinner without a rebound.
7:30 of 1st period - William Karlsson wins face-off versus Bo Horvat in Minnesota North Stars zone.
7:32 of 1st period - Minor Penalty to Justin Faulk for Delaying the game.
7:33 of 1st period - William Karlsson wins face-off versus Bo Horvat in Minnesota North Stars zone.
8:10 of 1st period - Wrist shot by Sidney Crosby.
8:10 of 1st period - Shot Blocked by Ryan Nugent-Hopkins.
9:28 of 1st period - Filip Hronek is hit by William Karlsson and loses puck.
9:32 of 1st period - Penalty to Justin Faulk is over, Justin Faulk is back on ice.
9:44 of 1st period - Dylan DeMelo is hit by Jamie Benn and loses puck.
9:51 of 1st period - Rasmus Dahlin is hit by Seth Jones and loses puck.
10:42 of 1st period - Wrist shot by Lawson Crouse.
10:42 of 1st period - Deflect By William Karlsson.
10:42 of 1st period - Stopped by Adin Hill without a rebound.
10:43 of 1st period - William Karlsson wins face-off versus Sidney Crosby in Chicago Black Hawks zone.
10:54 of 1st period - Snap shot by Brock Nelson.
10:54 of 1st period - Shot Misses the Net.
11:45 of 1st period - Marcus Pettersson is hit by Matt Roy and loses puck.
12:36 of 1st period - Brandon Hagel is hit by William Eklund and loses puck.
13:20 of 1st period - Snap shot by Brock Nelson.
13:20 of 1st period - Shot Blocked by Nicholas Paul.
13:22 of 1st period - Snap shot by Lawson Crouse.
13:22 of 1st period - Shot Misses the Net.
13:43 of 1st period - Snap shot by Jack Hughes.
13:43 of 1st period - Shot Blocked by Sidney Crosby.
14:03 of 1st period - Snap shot by William Eklund.
14:03 of 1st period - Shot Misses the Net.
15:00 of 1st period - Dylan DeMelo is hit by Sidney Crosby and loses puck.
16:10 of 1st period - Wrist shot by Frank Vatrano.
16:10 of 1st period - Shot Misses the Net.
16:12 of 1st period - Wrist shot by Valeri Nichushkin.
16:12 of 1st period - Stopped by Adin Hill without a rebound.
16:13 of 1st period - Bo Horvat wins face-off versus Jack Hughes in Chicago Black Hawks zone.
16:18 of 1st period - Snap shot by Filip Forsberg.
16:18 of 1st period - Stopped by Stuart Skinner without a rebound.
16:19 of 1st period - Jack Hughes wins face-off versus Bo Horvat in Minnesota North Stars zone.
16:25 of 1st period - Off-side.
16:26 of 1st period - William Karlsson wins face-off versus Bo Horvat in neutral zone.
16:37 of 1st period - Slapshot by William Karlsson.
16:37 of 1st period - Shot Blocked by Seth Jones.
16:39 of 1st period - Snap shot by William Karlsson.
16:39 of 1st period - Deflect By Brock Nelson.
16:39 of 1st period - Stopped by Adin Hill with a rebound.
16:51 of 1st period - Valeri Nichushkin is hit by Chris Kreider and loses puck.
18:06 of 1st period - Snap shot by Nicholas Paul.
18:06 of 1st period - Stopped by Stuart Skinner without a rebound.
18:07 of 1st period - Sidney Crosby wins face-off versus Evgeni Malkin in Minnesota North Stars zone.
18:24 of 1st period - Snap shot by Frank Vatrano.
18:24 of 1st period - Stopped by Adin Hill with a rebound.
18:57 of 1st period - Backhand shot by Evan Rodrigues.
18:57 of 1st period - Deflect By William Eklund.
18:57 of 1st period - Stopped by Adin Hill with a rebound.
19:07 of 1st period - Snap shot by Lucas Raymond.
19:07 of 1st period - Stopped by Stuart Skinner with a rebound.
19:45 of 1st period - Valeri Nichushkin is hit by Sidney Crosby and loses puck.
Goals for this period are 0 for Chicago Black Hawks vs 1 for Minnesota North Stars.
Shots for this period are 7 for Chicago Black Hawks vs 9 for Minnesota North Stars.
2nd period
0:01 of 2nd period - Bo Horvat wins face-off versus William Karlsson in neutral zone.
0:14 of 2nd period - Wrist shot by Brock Nelson.
0:14 of 2nd period - Deflect By William Karlsson.
0:14 of 2nd period - Stopped by Adin Hill with a rebound.
0:16 of 2nd period - Snap shot by Justin Faulk.
0:16 of 2nd period - Stopped by Adin Hill without a rebound.
0:17 of 2nd period - Jack Hughes wins face-off versus Sidney Crosby in Chicago Black Hawks zone.
0:54 of 2nd period - Slapshot by Evgeni Malkin.
0:54 of 2nd period - Stopped by Adin Hill without a rebound.
0:55 of 2nd period - William Karlsson wins face-off versus Jamie Benn in Chicago Black Hawks zone.
1:44 of 2nd period - Filip Forsberg is hit by Matt Roy and loses puck.
2:01 of 2nd period - Brandon Hagel is hit by Evgeni Malkin and loses puck.
2:16 of 2nd period - Snap shot by Filip Forsberg.
2:16 of 2nd period - Stopped by Stuart Skinner without a rebound.
2:17 of 2nd period - William Karlsson wins face-off versus Sidney Crosby in Minnesota North Stars zone.
2:44 of 2nd period - Snap shot by Alex DeBrincat.
2:44 of 2nd period - Shot Misses the Net.
3:07 of 2nd period - Lawson Crouse is hit by Filip Hronek and loses puck.
3:28 of 2nd period - Snap shot by Sidney Crosby.
3:28 of 2nd period - Shot Blocked by Justin Faulk.
4:15 of 2nd period - Wrist shot by Frank Vatrano.
4:15 of 2nd period - Stopped by Adin Hill with a rebound.
4:43 of 2nd period - Wrist shot by Brayden Point.
4:43 of 2nd period - Stopped by Stuart Skinner without a rebound.
4:44 of 2nd period - Bo Horvat wins face-off versus Evgeni Malkin in Minnesota North Stars zone.
4:55 of 2nd period - Snap shot by Filip Forsberg.
4:55 of 2nd period - Shot Hit the Post.
4:57 of 2nd period - Slapshot by Bo Horvat.
4:57 of 2nd period - Shot Misses the Net.
4:59 of 2nd period - Snap shot by Brandon Hagel.
4:59 of 2nd period - Goal by Brandon Hagel - Chicago Black Hawks : 1 - Minnesota North Stars : 1.
5:00 of 2nd period - Sidney Crosby wins face-off versus Jack Hughes in neutral zone.
5:27 of 2nd period - Cale Makar is hit by Evgeni Malkin.
6:00 of 2nd period - Snap shot by Evan Rodrigues.
6:00 of 2nd period - Shot Misses the Net.
6:02 of 2nd period - Snap shot by Eeli Tolvanen.
6:02 of 2nd period - Shot Misses the Net.
6:43 of 2nd period - Snap shot by Jack Hughes.
6:43 of 2nd period - Shot Misses the Net.
6:55 of 2nd period - Backhand shot by Valeri Nichushkin.
6:55 of 2nd period - Deflect By Evgeni Malkin.
6:55 of 2nd period - Shot Hit the Post.
6:55 of 2nd period - Puck is out of play.
6:56 of 2nd period - Evgeni Malkin wins face-off versus Nicholas Paul in Chicago Black Hawks zone.
6:59 of 2nd period - Wrist shot by Evgeni Malkin.
6:59 of 2nd period - Stopped by Adin Hill without a rebound.
7:00 of 2nd period - Bo Horvat wins face-off versus Jack Hughes in Chicago Black Hawks zone.
7:13 of 2nd period - Wrist shot by Bo Horvat.
7:13 of 2nd period - Shot Misses the Net.
7:15 of 2nd period - Slapshot by Bo Horvat.
7:15 of 2nd period - Deflect By Filip Forsberg.
7:15 of 2nd period - Shot Misses the Net.
7:15 of 2nd period - Puck is out of play.
7:16 of 2nd period - William Karlsson wins face-off versus Jamie Benn in Minnesota North Stars zone.
7:43 of 2nd period - Brandon Hagel is hit by Dylan DeMelo and loses puck.
8:11 of 2nd period - Slapshot by Valeri Nichushkin.
8:11 of 2nd period - Shot Misses the Net.
8:13 of 2nd period - Wrist shot by Matt Roy.
8:13 of 2nd period - Shot Blocked by Marcus Pettersson.
8:35 of 2nd period - Neal Pionk is hit by Nicholas Paul and loses puck.
10:13 of 2nd period - Slapshot by Travis Sanheim.
10:13 of 2nd period - Stopped by Stuart Skinner without a rebound.
10:14 of 2nd period - Jamie Benn wins face-off versus William Karlsson in Minnesota North Stars zone.
10:19 of 2nd period - Seth Jones is hit by Dylan DeMelo and loses puck.
10:52 of 2nd period - Snap shot by Lawson Crouse.
10:52 of 2nd period - Deflect By Brock Nelson.
10:52 of 2nd period - Stopped by Adin Hill with a rebound.
10:54 of 2nd period - Snap shot by William Karlsson.
10:54 of 2nd period - Shot Misses the Net.
11:02 of 2nd period - Snap shot by William Karlsson.
11:02 of 2nd period - Shot Misses the Net.
11:42 of 2nd period - Slapshot by Lawson Crouse.
11:42 of 2nd period - Stopped by Adin Hill without a rebound.
11:43 of 2nd period - Jack Hughes wins face-off versus Bo Horvat in Chicago Black Hawks zone.
11:48 of 2nd period - Wrist shot by Jack Hughes.
11:48 of 2nd period - Shot Blocked by Marcus Pettersson.
11:56 of 2nd period - Wrist shot by Filip Forsberg.
11:56 of 2nd period - Shot Blocked by Ryan Nugent-Hopkins.
11:58 of 2nd period - Slapshot by Marcus Pettersson.
11:58 of 2nd period - Stopped by Stuart Skinner with a rebound.
12:00 of 2nd period - Snap shot by Bo Horvat.
12:00 of 2nd period - Shot Misses the Net.
12:07 of 2nd period - Icing by Yegor Sharangovich.
12:08 of 2nd period - Sidney Crosby wins face-off versus Jack Hughes in Minnesota North Stars zone.
12:40 of 2nd period - Frank Vatrano is hit by Filip Forsberg and loses puck.
12:59 of 2nd period - Snap shot by Filip Forsberg.
12:59 of 2nd period - Shot Blocked by Valeri Nichushkin.
13:11 of 2nd period - Snap shot by Frank Vatrano.
13:11 of 2nd period - Stopped by Adin Hill with a rebound.
13:35 of 2nd period - Slapshot by Valeri Nichushkin.
13:35 of 2nd period - Shot Blocked by Travis Sanheim.
13:37 of 2nd period - Wrist shot by Rasmus Dahlin.
13:37 of 2nd period - Stopped by Adin Hill with a rebound.
13:39 of 2nd period - Slapshot by Justin Faulk.
13:39 of 2nd period - Shot Blocked by Bo Horvat.
13:43 of 2nd period - Wrist shot by Frank Vatrano.
13:43 of 2nd period - Shot Misses the Net.
13:45 of 2nd period - Slapshot by Justin Faulk.
13:45 of 2nd period - Deflect By Valeri Nichushkin.
13:45 of 2nd period - Shot Misses the Net.
13:45 of 2nd period - Puck is out of play.
13:46 of 2nd period - Sidney Crosby wins face-off versus Jack Hughes in Chicago Black Hawks zone.
13:51 of 2nd period - Gustav Forsling is hit by Sidney Crosby.
13:57 of 2nd period - Wrist shot by Ryan Nugent-Hopkins.
13:57 of 2nd period - Deflect By Jack Hughes.
13:57 of 2nd period - Shot Misses the Net.
13:57 of 2nd period - Puck is out of play.
13:58 of 2nd period - Sidney Crosby wins face-off versus Jack Hughes in Chicago Black Hawks zone.
14:25 of 2nd period - Seth Jones is hit by Lawson Crouse and loses puck.
15:05 of 2nd period - Cale Makar is hit by Jack Hughes and loses puck.
15:14 of 2nd period - Slapshot by Ryan Nugent-Hopkins.
15:14 of 2nd period - Stopped by Adin Hill without a rebound.
15:15 of 2nd period - Evgeni Malkin wins face-off versus Bo Horvat in Chicago Black Hawks zone.
15:16 of 2nd period - Snap shot by Valeri Nichushkin.
15:16 of 2nd period - Shot Misses the Net.
15:54 of 2nd period - Icing by Ryan Nugent-Hopkins.
15:55 of 2nd period - Bo Horvat wins face-off versus Jack Hughes in Minnesota North Stars zone.
16:16 of 2nd period - Slapshot by Jack Hughes.
16:16 of 2nd period - Shot Misses the Net.
16:24 of 2nd period - Matt Roy is hit by Sidney Crosby and loses puck.
16:31 of 2nd period - Snap shot by Brayden Point.
16:31 of 2nd period - Shot Blocked by Matt Roy.
16:45 of 2nd period - Lawson Crouse is hit by Lucas Raymond and loses puck.
16:50 of 2nd period - Slapshot by Kevin Fiala.
16:50 of 2nd period - Stopped by Stuart Skinner without a rebound.
16:51 of 2nd period - Evgeni Malkin wins face-off versus Filip Forsberg in Minnesota North Stars zone.
17:02 of 2nd period - Snap shot by Bo Horvat.
17:02 of 2nd period - Shot Blocked by Gustav Forsling.
17:04 of 2nd period - Slapshot by Travis Sanheim.
17:04 of 2nd period - Deflect By Bo Horvat.
17:04 of 2nd period - Shot Misses the Net.
17:04 of 2nd period - Puck is out of play.
17:05 of 2nd period - Sidney Crosby wins face-off versus William Karlsson in Minnesota North Stars zone.
17:08 of 2nd period - Wrist shot by Chris Kreider.
17:08 of 2nd period - Shot Misses the Net.
17:15 of 2nd period - Off-side.
17:16 of 2nd period - Sidney Crosby wins face-off versus Evgeni Malkin in neutral zone.
17:27 of 2nd period - Snap shot by Brayden Point.
17:27 of 2nd period - Stopped by Stuart Skinner with a rebound.
17:29 of 2nd period - Wrist shot by Brayden Point.
17:29 of 2nd period - Stopped by Stuart Skinner with a rebound.
18:01 of 2nd period - Minor Penalty to Filip Forsberg for Tripping.
18:02 of 2nd period - Ryan Hartman wins face-off versus Jack Hughes in Chicago Black Hawks zone.
18:19 of 2nd period - Slapshot by Devon Toews.
18:19 of 2nd period - Stopped by Stuart Skinner with a rebound.
18:39 of 2nd period - Slapshot by Brock Nelson.
18:39 of 2nd period - Shot Blocked by Ryan Hartman.
19:13 of 2nd period - Brock Nelson is hit by Cale Makar and loses puck.
Goals for this period are 1 for Chicago Black Hawks vs 0 for Minnesota North Stars.
Shots for this period are 9 for Chicago Black Hawks vs 10 for Minnesota North Stars.
3rd period
0:01 of 3rd period - Penalty to Filip Forsberg is over, Filip Forsberg is back on ice.
0:01 of 3rd period - Nicholas Paul wins face-off versus Evgeni Malkin in neutral zone.
0:49 of 3rd period - Kevin Fiala is hit by Brock Nelson and loses puck.
1:19 of 3rd period - Slapshot by Rasmus Dahlin.
1:19 of 3rd period - Shot Misses the Net.
1:21 of 3rd period - Slapshot by Rasmus Dahlin.
1:21 of 3rd period - Shot Misses the Net.
1:23 of 3rd period - Wrist shot by Lawson Crouse.
1:23 of 3rd period - Shot Misses the Net.
1:25 of 3rd period - Slapshot by Justin Faulk.
1:25 of 3rd period - Deflect By William Karlsson.
1:25 of 3rd period - Shot Misses the Net.
1:25 of 3rd period - Puck is out of play.
1:26 of 3rd period - Sidney Crosby wins face-off versus Evgeni Malkin in Chicago Black Hawks zone.
1:26 of 3rd period - Sidney Crosby is hit by Valeri Nichushkin.
1:34 of 3rd period - Valeri Nichushkin is hit by Devon Toews.
1:52 of 3rd period - Travis Sanheim is hit by Ryan Nugent-Hopkins.
2:29 of 3rd period - Evan Rodrigues is hit by Cale Makar and loses puck.
2:42 of 3rd period - Gustav Forsling is hit by Seth Jones and loses puck.
3:05 of 3rd period - Wrist shot by Sidney Crosby.
3:05 of 3rd period - Shot Misses the Net.
3:07 of 3rd period - Slapshot by Seth Jones.
3:07 of 3rd period - Shot Misses the Net.
3:09 of 3rd period - Snap shot by Sidney Crosby.
3:09 of 3rd period - Stopped by Stuart Skinner with a rebound.
3:27 of 3rd period - Slapshot by Kevin Fiala.
3:27 of 3rd period - Stopped by Stuart Skinner with a rebound.
3:29 of 3rd period - Snap shot by Kevin Fiala.
3:29 of 3rd period - Stopped by Stuart Skinner with a rebound.
3:31 of 3rd period - Slapshot by Travis Sanheim.
3:31 of 3rd period - Stopped by Stuart Skinner with a rebound.
3:33 of 3rd period - Snap shot by Travis Sanheim.
3:33 of 3rd period - Stopped by Stuart Skinner with a rebound.
3:49 of 3rd period - Slapshot by Yegor Sharangovich.
3:49 of 3rd period - Stopped by Adin Hill without a rebound.
3:50 of 3rd period - Jack Hughes wins face-off versus Sidney Crosby in Chicago Black Hawks zone.
4:28 of 3rd period - Snap shot by Ryan Nugent-Hopkins.
4:28 of 3rd period - Shot Blocked by Chris Kreider.
4:41 of 3rd period - Snap shot by Sidney Crosby.
4:41 of 3rd period - Stopped by Stuart Skinner with a rebound.
5:01 of 3rd period - Wrist shot by Brayden Point.
5:01 of 3rd period - Stopped by Stuart Skinner with a rebound.
5:09 of 3rd period - Wrist shot by Sidney Crosby.
5:09 of 3rd period - Shot Blocked by Jack Hughes.
5:11 of 3rd period - Slapshot by Filip Hronek.
5:11 of 3rd period - Stopped by Stuart Skinner with a rebound.
5:13 of 3rd period - Backhand shot by Filip Hronek.
5:13 of 3rd period - Stopped by Stuart Skinner without a rebound.
5:14 of 3rd period - Evgeni Malkin wins face-off versus Bo Horvat in Minnesota North Stars zone.
5:19 of 3rd period - Snap shot by Rasmus Dahlin.
5:19 of 3rd period - Goal by Rasmus Dahlin - Chicago Black Hawks : 1 - Minnesota North Stars : 2.
5:20 of 3rd period - Bo Horvat wins face-off versus Evgeni Malkin in neutral zone.
5:25 of 3rd period - Wrist shot by Filip Forsberg.
5:25 of 3rd period - Shot Misses the Net.
6:20 of 3rd period - Snap shot by Filip Forsberg.
6:20 of 3rd period - Stopped by Stuart Skinner with a rebound.
6:42 of 3rd period - Slapshot by Filip Forsberg.
6:42 of 3rd period - Shot Misses the Net.
6:44 of 3rd period - Slapshot by Cale Makar.
6:44 of 3rd period - Stopped by Stuart Skinner without a rebound.
6:45 of 3rd period - Evgeni Malkin wins face-off versus Jamie Benn in Minnesota North Stars zone.
7:20 of 3rd period - Snap shot by Nicholas Paul.
7:20 of 3rd period - Deflect By Alex DeBrincat.
7:20 of 3rd period - Stopped by Stuart Skinner without a rebound.
7:21 of 3rd period - Jamie Benn wins face-off versus William Karlsson in Minnesota North Stars zone.
7:24 of 3rd period - Snap shot by Lucas Raymond.
7:24 of 3rd period - Shot Misses the Net.
8:36 of 3rd period - Slapshot by Filip Hronek.
8:36 of 3rd period - Shot Misses the Net.
8:38 of 3rd period - Snap shot by Kevin Fiala.
8:38 of 3rd period - Deflect By Lucas Raymond.
8:38 of 3rd period - Stopped by Stuart Skinner without a rebound.
8:39 of 3rd period - Evgeni Malkin wins face-off versus Jamie Benn in Minnesota North Stars zone.
8:41 of 3rd period - Icing by Valeri Nichushkin.
8:42 of 3rd period - Jamie Benn wins face-off versus Evgeni Malkin in Minnesota North Stars zone.
8:55 of 3rd period - Slapshot by Lucas Raymond.
8:55 of 3rd period - Stopped by Stuart Skinner without a rebound.
8:56 of 3rd period - Sidney Crosby wins face-off versus Evgeni Malkin in Minnesota North Stars zone.
9:10 of 3rd period - Off-side.
9:11 of 3rd period - Jamie Benn wins face-off versus Jack Hughes in neutral zone.
9:17 of 3rd period - Slapshot by Cale Makar.
9:17 of 3rd period - Shot Misses the Net.
9:19 of 3rd period - Slapshot by Seth Jones.
9:19 of 3rd period - Deflect By Lucas Raymond.
9:19 of 3rd period - Stopped by Stuart Skinner with a rebound.
9:21 of 3rd period - Backhand shot by Kevin Fiala.
9:21 of 3rd period - Goal by Kevin Fiala - Chicago Black Hawks : 2 - Minnesota North Stars : 2.
9:22 of 3rd period - Evgeni Malkin wins face-off versus Bo Horvat in neutral zone.
9:22 of 3rd period - Valeri Nichushkin is hit by Filip Forsberg and loses puck.
9:27 of 3rd period - Wrist shot by Filip Forsberg.
9:27 of 3rd period - Goal by Filip Forsberg - Chicago Black Hawks : 3 - Minnesota North Stars : 2.
9:28 of 3rd period - Jamie Benn wins face-off versus Evgeni Malkin in neutral zone.
9:41 of 3rd period - Wrist shot by Frank Vatrano.
9:41 of 3rd period - Shot Blocked by Travis Sanheim.
10:21 of 3rd period - Jack Hughes is hit by Travis Sanheim and loses puck.
10:38 of 3rd period - Seth Jones is hit by Rasmus Dahlin and loses puck.
10:47 of 3rd period - Evan Rodrigues is hit by Brandon Hagel and loses puck.
11:08 of 3rd period - Wrist shot by Brayden Point.
11:08 of 3rd period - Stopped by Stuart Skinner without a rebound.
11:09 of 3rd period - William Karlsson wins face-off versus Jamie Benn in Minnesota North Stars zone.
11:17 of 3rd period - Icing by Neal Pionk.
11:18 of 3rd period - William Karlsson wins face-off versus Jamie Benn in Minnesota North Stars zone.
11:49 of 3rd period - Minor Penalty to Lawson Crouse for Tripping.
11:50 of 3rd period - Bo Horvat wins face-off versus Ryan Nugent-Hopkins in Minnesota North Stars zone.
11:54 of 3rd period - Snap shot by Bo Horvat.
11:54 of 3rd period - Shot Misses the Net.
12:27 of 3rd period - Wrist shot by Brayden Point.
12:27 of 3rd period - Stopped by Stuart Skinner with a rebound.
13:11 of 3rd period - Filip Forsberg is hit by William Karlsson and loses puck.
13:33 of 3rd period - Rasmus Dahlin is hit by Sidney Crosby and loses puck.
13:49 of 3rd period - Penalty to Lawson Crouse is over, Lawson Crouse is back on ice.
13:50 of 3rd period - Justin Faulk is hit by Filip Forsberg and loses puck.
13:57 of 3rd period - Bo Horvat is hit by Evgeni Malkin and loses puck.
14:06 of 3rd period - Snap shot by Evgeni Malkin.
14:06 of 3rd period - Shot Blocked by Seth Jones.
14:08 of 3rd period - Snap shot by Valeri Nichushkin.
14:08 of 3rd period - Shot Misses the Net.
14:14 of 3rd period - Slapshot by Valeri Nichushkin.
14:14 of 3rd period - Goal by Valeri Nichushkin - Chicago Black Hawks : 3 - Minnesota North Stars : 3.
14:15 of 3rd period - Ryan Nugent-Hopkins wins face-off versus Jamie Benn in neutral zone.
14:47 of 3rd period - Wrist shot by Alex DeBrincat.
14:47 of 3rd period - Shot Blocked by Brock Nelson.
15:05 of 3rd period - Slapshot by Matt Roy.
15:05 of 3rd period - Shot Misses the Net.
15:50 of 3rd period - Snap shot by Kevin Fiala.
15:50 of 3rd period - Goal by Kevin Fiala - Chicago Black Hawks : 4 - Minnesota North Stars : 3.
15:51 of 3rd period - Jamie Benn wins face-off versus Jack Hughes in neutral zone.
15:53 of 3rd period - Off-side.
15:54 of 3rd period - Jack Hughes wins face-off versus Jamie Benn in neutral zone.
16:47 of 3rd period - Snap shot by Chris Kreider.
16:47 of 3rd period - Stopped by Stuart Skinner without a rebound.
16:48 of 3rd period - Jamie Benn wins face-off versus Jack Hughes in Minnesota North Stars zone.
16:58 of 3rd period - Double Minor Penalty to Justin Faulk for Roughing.
16:59 of 3rd period - Bo Horvat wins face-off versus Ryan Nugent-Hopkins in Minnesota North Stars zone.
17:13 of 3rd period - Wrist shot by Filip Forsberg.
17:13 of 3rd period - Goal by Filip Forsberg - Chicago Black Hawks : 5 - Minnesota North Stars : 3.
17:14 of 3rd period - Sidney Crosby wins face-off versus Ryan Nugent-Hopkins in neutral zone.
17:17 of 3rd period - Wrist shot by Cale Makar.
17:17 of 3rd period - Deflect By Neal Pionk.
17:17 of 3rd period - Stopped by Stuart Skinner with a rebound.
17:19 of 3rd period - Backhand shot by Cale Makar.
17:19 of 3rd period - Shot Blocked by Ryan Nugent-Hopkins.
17:44 of 3rd period - Off-side.
17:45 of 3rd period - William Karlsson wins face-off versus Filip Forsberg in neutral zone.
17:48 of 3rd period - Snap shot by William Karlsson.
17:48 of 3rd period - Shot Misses the Net.
17:50 of 3rd period - Snap shot by William Karlsson.
17:50 of 3rd period - Shot Misses the Net.
17:52 of 3rd period - Backhand shot by Matt Roy.
17:52 of 3rd period - Stopped by Adin Hill without a rebound.
17:53 of 3rd period - Bo Horvat wins face-off versus Ryan Nugent-Hopkins in Chicago Black Hawks zone.
19:13 of 3rd period - Penalty to Justin Faulk is over, Justin Faulk is back on ice.
19:49 of 3rd period - Cale Makar is hit by William Eklund and loses puck.
Goals for this period are 4 for Chicago Black Hawks vs 2 for Minnesota North Stars.
Shots for this period are 23 for Chicago Black Hawks vs 4 for Minnesota North Stars.
Back to the Top